 Dungeon Crawl Stone Soup version 0.31-a0-940-gdaa99269f9 (webtiles) character file.

Game seed: 1753177681470331961

11056 IdlyInterested the Slicer (level 11, -6/80 HPs)
             Began as a Demonspawn Fighter on Oct 20, 2023.
             Mangled by a large abomination (11 damage)
             ... on level 1 of the Abyss.
             The game lasted 00:45:39 (13338 turns).

IdlyInterested the Slicer (Demonspawn Fighter)     Turns: 13338, Time: 00:45:40

Health: -6/80      AC: 17    Str: 16    XL:     11   Next: 44%
Magic:  11/11      EV: 11    Int: 12    God:
Gold:   251        SH: 11    Dex: 18    Spells: 10/10 levels left

rFire   . . .        E - +2 short sword (speed)
rCold   + . .        c - +0 buckler
rNeg    . . .        b - +7 ring mail of the Sparrow {Int+3}
rPois   .            F - +0 helmet
rElec   .            (cloak unavailable)
rCorr   .            (no gloves)
SInv    .            y - +0 pair of boots
Will    .....        R - amulet of reflection
Stlth   ++           q - ring of protection from cold
HPRegen 0.33/turn    (no ring)
MPRegen 0.12/turn

%: reflection
@: no status effects
A: thin metallic scales 2, demonic guardian 1, ignite blood 1, weakness stinger
3
a: no special abilities


You were on level 1 of the Abyss.
You visited 2 branches of the dungeon, and saw 11 of its levels.
You visited the Abyss 1 time.
You also visited: Sewer and Ossuary.

You collected 581 gold pieces.
You spent 330 gold pieces at shops.

Inventory:

Hand Weapons
 v - a +2 dagger of protection
 E - a +2 short sword of speed (weapon)
 I - a +0 short sword
 Q - a +4 scimitar
 U - a +0 dagger of draining
 V - the +2 dagger of Death {heavy, rPois}
   (You found it on level 9 of the Dungeon)

   rPois:     It protects you from poison
 X - a +3 rapier
Missiles
 e - 10 stones (quivered)
 k - 37 poisoned darts
 n - 2 curare-tipped darts
 C - a throwing net
 W - 3 atropa-tipped darts
Armour
 a - the +2 robe of the Doldrums {Fly rElec Regen+}
   (You found it on level 8 of the Dungeon)

   rElec:     It insulates you from electricity.
   Fly:       It grants you flight.
   Regen+:    It increases your rate of health regeneration.
 b - the +7 ring mail of the Sparrow (worn) {Int+3}
   (You found it on level 6 of the Dungeon)

   Int+3:     It affects your intelligence (+3).
 c - a +0 buckler (worn)
 y - a +0 pair of boots (worn)
 F - a +0 helmet (worn)
 L - +0 steam dragon scales
 M - a +0 plate armour
 S - a +3 scale mail of fire resistance
Magical Staves
 d - a staff of fire
 J - a staff of air
 Z - a staff of poison
Jewellery
 q - a ring of protection from cold (left hand)
 R - an amulet of reflection (around neck)
Wands
 g - a wand of iceblast (10)
 t - a wand of quicksilver (6)
 D - a wand of flame (71)
Scrolls
 h - 4 scrolls of blinking
 i - 2 scrolls of fear
 j - 2 scrolls of identify
 r - 5 scrolls of teleportation
 w - a scroll of summoning
 x - a scroll of revelation
 A - 2 scrolls of silence
 B - 2 scrolls of fog
 G - a scroll of poison
 H - a scroll of brand weapon
 K - 2 scrolls of enchant armour
 N - a scroll of amnesia
Potions
 f - a potion of lignification
 l - 5 potions of curing
 m - a potion of resistance
 o - 2 potions of brilliance
 p - a potion of magic
 s - a potion of might
 z - 2 potions of cancellation
 O - 2 potions of mutation
 P - a potion of haste
 Y - a potion of enlightenment
Miscellaneous
 T - a phantom mirror (inert)


   Skills:
 + Level 5.5 Fighting
 * Level 13.8 Short Blades
 - Level 3.0 Throwing
 - Level 3.0 Armour
 - Level 3.0 Dodging
 - Level 3.0 Stealth
 - Level 5.0 Shields
 - Level 5.0 Evocations


You had 10 spell levels left.
You didn't know any spells.
Your spell library contained the following spells:

 Spells                   Type           Power      Damage    Failure   Level
 Sting                    Tmut/Pois      0%         1d3       61%         1
 Poisonous Vapours        Pois/Air       0%         N/A       75%         2
 Static Discharge         Conj/Air       0%         3-3/arc   75%         2
 Wereblood                Tmut           0%         N/A       75%         2
 Airstrike                Air            0%         2d(0-16)  100%        4
 Olgreb's Toxic Radiance  Pois           0%         N/A       100%        4
 Summon Lightning Spire   Summ/Air       0%         N/A       100%        4
 Irradiate                Conj/Tmut      0%         3d11      100%        5


Dungeon Overview and Level Annotations

Branches:
Dungeon (10/15)            Temple (1/1) D:4            Lair (0/5) D:9
    Orc (0/2) D:9           Sewer (visited)         Ossuary (visited)

Altars:
Ashenzari
Cheibriados
Dithmenos
Fedhas
Gozag
Hepliaklqana
Kikubaaqudgha
Makhleb
Nemelex Xobeh
Okawaru
Qazlal
Ru
Sif Muna
Trog
Uskayaw
Vehumet
Wu Jian
Xom
Yredelemnul

Shops:
D:2 (   D:4 =

Annotations:
D:10 Sonja


Innate Abilities, Weirdness & Mutations

You are mostly covered in thin metallic scales. (AC +3)
A weak demonic guardian rushes to your aid.
Your demonic aura sometimes causes spilled blood to erupt in flames.
You have a sharp stinger which inflicts weakening toxins.


Message History

The large abomination is moderately damaged.
You hit the large abomination but do no damage.
The large abomination is moderately damaged.
The large abomination hits you.
* * * LOW HITPOINT WARNING * * *
A demonic guardian appears!
The large abomination closely misses your white imp.
Your white imp gestures at the large abomination.
The puff of frost hits the large abomination.
The large abomination closely misses your white imp.
Your white imp gestures at the large abomination.
The puff of frost hits the large abomination but does no damage.
The large abomination hits your white imp!!
Your white imp dies!
Your white imp disappears in a puff of smoke!
Aiming: Quicksilver Bolt
Press: ? - help, Shift-Dir - straight line, f/p - large abomination
Aim: a large abomination (moderately damaged, 88% to hit)
The bolt of dispelling energy hits the large abomination!
The large abomination is heavily damaged.
Aiming: Quicksilver Bolt
Press: ? - help, Shift-Dir - straight line, f/p - large abomination
Aim: a large abomination (heavily damaged, 88% to hit)
The bolt of dispelling energy hits the large abomination!
The large abomination is severely damaged.
You hit the large abomination. You tail-slap the large abomination.
The large abomination is almost destroyed.
You hit the large abomination but do no damage.
The large abomination is almost destroyed.
The large abomination hits you.
* * * LOW HITPOINT WARNING * * *
You barely miss the large abomination.
The large abomination is almost destroyed.
You barely miss the large abomination.
The large abomination is almost destroyed.
You completely miss the large abomination.
You tail-slap the large abomination, but do no damage.
The large abomination is almost destroyed.
The large abomination hits you!
You die...

. . # . . ... . .
.. # ... #..# ##. .
... #..##### ... .
#......∩# ###.
#...##..###........
.......@X.†...... .
#...#...##........
. #...#.........
...##... ......
.....#.. # .....
##...# ..#. ... ..
#.. #.#. ..#....
..# ...#..#..... ##
. .. ##..


You could see a large abomination.

Vanquished Creatures
  2 two-headed ogres
  Pikel (D:7)
  A cyclops (D:9)
  An elephant (D:9)
  2 hornets (D:9)
  2 raiju (Abyss:1)
  A shadow (D:7)
  A wyvern (D:10)
  A yak (D:9)
  3 wraiths
  3 steam dragons
  2 wargs (D:9)
  Duvessa (D:7)
  7 orc warriors
  An ice beast (D:7)
  3 black bears
  A sky beast (D:7)
  3 centaurs
  2 ogres (D:5)
  4 kobold brigands
  Blork the orc (D:6)
  4 bullfrogs
  21 wights
  13 scorpions
  Dowan (D:7)
  8 killer bees (D:7)
  A howler monkey (D:7)
  2 centaur zombies (Ossuary)
  A human zombie (Ossuary)
  3 hounds
  8 orc priests
  2 jellies
  2 gnoll boudas
  A sleepcap (D:6)
  6 iguanas
  Terence (D:3)
  8 orc wizards
  6 scorpion zombies (Ossuary)
  Natasha (thrice) (D:3)
  3 mummies (Ossuary)
  Robin (D:4)
  10 gnolls
  11 adders
  2 shadow imps
  A white imp (D:7)
  4 worms
  2 dart slugs (D:1)
  29 orcs
  5 endoplasms
  11 giant cockroaches
  2 gnoll zombies (Ossuary)
  17 goblins
  11 hobgoblins
  12 jackals
  23 kobolds
  6 quokkas
  12 ball pythons
  14 bats
  3 frilled lizards
  2 goblin zombies (Ossuary)
  2 hobgoblin zombies (Ossuary)
  A kobold zombie (Ossuary)
  3 orc zombies (Ossuary)
  14 rats
335 creatures vanquished.

Vanquished Creatures (collateral kills)
  A raiju (Abyss:1)
  2 kobold brigands (Sewer)
  A gnoll (D:4)
  A dart slug (D:3)
  A hobgoblin (D:4)
  3 jackals (D:5)
  4 kobolds (Sewer)
  A quokka (D:3)
  A ball python (D:3)
  A frilled lizard (D:3)
16 creatures vanquished.

Grand Total: 351 creatures vanquished

Notes
Turn   | Place    | Note
-------+----------+-------------------------------------------
     0 | D:1      | IdlyInterested the Demonspawn Fighter began the quest for
                  | the Orb.
     0 | D:1      | Reached XP level 1. HP: 18/18 MP: 1/1
    82 | D:1      | Reached skill level 2 in Short Blades
   118 | D:1      | Gained mutation: You are partially covered in thin metallic
                  | scales. (AC +2) [demonic ancestry]
   118 | D:1      | Reached XP level 2. HP: 24/24 MP: 2/2
   608 | D:1      | Gained mutation: You are mostly covered in thin metallic
                  | scales. (AC +3) [demonic ancestry]
   608 | D:1      | Reached XP level 3. HP: 29/29 MP: 3/3
  1164 | D:2      | Reached skill level 3 in Short Blades
  1332 | D:2      | Reached skill level 1 in Dodging
  1519 | D:2      | Gained mutation: You have a small tail. [demonic ancestry]
  1519 | D:2      | Reached XP level 4. HP: 35/35 MP: 4/4
  1660 | D:2      | Found Woth's Weapon Boutique.
  1896 | D:3      | You fall into a shaft and drop 3 floors!
  1899 | D:5      | Entered Level 5 of the Dungeon
  1920 | D:5      | Noticed a black bear
  1933 | D:5      | Killed a black bear
  1934 | D:5      | Reached skill level 4 in Short Blades
  1934 | D:5      | Gained mutation: A weak demonic guardian rushes to your
                  | aid. [demonic ancestry]
  1934 | D:5      | Reached XP level 5. HP: 30/41 MP: 5/5
  2047 | D:5      | Gained mutation: You have a tail ending in a sharp stinger.
                  | [demonic ancestry]
  2047 | D:5      | Reached XP level 6. HP: 26/47 MP: 6/6
  2230 | D:4      | Found Mieghute's Jewellery Boutique.
  2236 | D:3      | Noticed Terence
  2261 | D:3      | Killed Terence
  2262 | D:3      | Reached skill level 5 in Short Blades
  2431 | D:3      | Noticed Natasha
  2456 | D:3      | Killed Natasha
  2525 | D:3      | Found a glowing drain.
  2529 | Sewer    | Entered a sewer
  2657 | Sewer    | Reached XP level 7. HP: 12/52 MP: 7/7
  2661 | Sewer    | Reached skill level 6 in Short Blades
  2962 | Sewer    | Reached skill level 1 in Stealth
  3120 | D:3      | Found an opulent altar of Gozag.
  3121 | D:3      | Found an opulent altar of Gozag.
  3127 | D:3      | Found an opulent altar of Gozag.
  3134 | D:3      | Found an opulent altar of Gozag.
  3178 | D:3      | Found a shimmering altar of Xom.
  3569 | D:3      | Found a snail-covered altar of Cheibriados.
  4048 | D:3      | Noticed Natasha
  4057 | D:3      | Killed Natasha
  4100 | D:3      | Noticed Natasha
  4111 | D:3      | Killed Natasha
  4250 | D:4      | Found a shimmering blue altar of Sif Muna.
  4420 | D:4      | Found a hazy altar of Hepliaklqana.
  4542 | D:4      | Noticed Robin
  4568 | D:4      | Killed Robin
  4602 | D:4      | Reached skill level 7 in Short Blades
  4922 | D:4      | Reached XP level 8. HP: 40/58 MP: 8/8
  5047 | D:4      | Found a staircase to the Ecumenical Temple.
  5053 | Temple   | Entered the Ecumenical Temple
  5270 | D:4      | Found a broken altar of Ashenzari.
  6060 | D:5      | Reached skill level 1 in Evocations
  6328 | D:5      | Reached skill level 8 in Short Blades
  7006 | D:6      | Found a radiant altar of Vehumet.
  7094 | D:6      | Noticed Blork the orc
  7107 | D:6      | Killed Blork the orc
  7130 | D:6      | Reached skill level 1 in Throwing
  7168 | D:6      | Identified the +7 ring mail of the Sparrow {Int+3}
  7330 | D:6      | Reached skill level 9 in Short Blades
  7491 | D:6      | Gained mutation: Your demonic aura sometimes causes spilled
                  | blood to erupt in flames. [demonic ancestry]
  7491 | D:6      | Reached XP level 9. HP: 52/63 MP: 9/9
  8660 | D:7      | Reached skill level 10 in Short Blades
  8767 | D:7      | Noticed Pikel
  8790 | D:7      | Killed Pikel
  8945 | D:4      | Bought an amulet of reflection for 330 gold pieces
  9162 | D:7      | Reached skill level 11 in Short Blades
  9245 | D:7      | Noticed Dowan
  9246 | D:7      | Noticed Duvessa
  9254 | D:7      | Killed Dowan
  9274 | D:7      | Killed Duvessa
  9275 | D:7      | Reached XP level 10. HP: 71/71 MP: 10/10
  9759 | D:8      | Found a sand-covered staircase.
  9765 | Ossuary  | Entered an ossuary
 10772 | D:8      | Reached skill level 12 in Short Blades
 10971 | D:8      | Identified the +2 robe of the Doldrums {Fly rElec Regen+}
 11621 | D:9      | Reached skill level 5 in Fighting
 11676 | D:9      | Found a staircase to the Lair.
 11677 | D:9      | Noticed an elephant
 11718 | D:9      | Killed an elephant
 11752 | D:9      | Identified the +2 dagger of Death {heavy, rPois}
 11995 | D:9      | Gained mutation: You have a sharp stinger which inflicts
                  | weakening toxins. [demonic ancestry]
 11995 | D:9      | Reached XP level 11. HP: 53/79 MP: 11/11
 12155 | D:9      | Found a staircase to the Orcish Mines.
 12180 | D:9      | Reached skill level 5 in Shields
 12202 | D:9      | Reached skill level 13 in Short Blades
 12563 | D:9      | Noticed a two-headed ogre
 12578 | D:9      | Killed a two-headed ogre
 12775 | D:10     | Entered Level 10 of the Dungeon
 12834 | D:10     | Noticed Sonja
 13035 | D:10     | Reached skill level 5 in Evocations
 13200 | D:10     | Noticed a two-headed ogre
 13202 | D:10     | Killed a two-headed ogre
 13250 | Abyss:1  | Cast into level 1 of the Abyss (Sonja)
 13304 | Abyss:1  | HP: 4/80 [raiju (7)]
 13326 | Abyss:1  | HP: 3/80 [large abomination (5)]
 13335 | Abyss:1  | HP: 4/80 [large abomination (1)]
 13338 | Abyss:1  | Mangled by a large abomination

Illustrated notes

Levels and vault maps discovered:
D:1:      wheals_arrival_linesprint, layout_basic, serial_aquarium,
          aquarium_bridge_square [aquarium_subvault_wall,
          aquarium_subvault_wall, aquarium_subvault_wall,
          aquarium_subvault_bridge], aquarium_window_fake,
          aquarium_window_corner, aquarium_window_corner, aquarium_window_fake,
          aquarium_view_2a, aquarium_pool_corner, minmay_cupped
D:2:      layout_rooms, serial_shops, nicolae_shop_rolling_square
D:3:      layout_loops_ring, nicolae_gozag_conspicuous_consumption,
          mainiacjoe_overflow_chevrons, tgw_xom, gup_sewer_entry_spiral,
          uniq_terence, uniq_natasha
D:4:      layout_loops_corners, kennysheep_mini,
          mainiacjoe_overflow_surrounded_room, nicolae_hepliaklqana_hazy_memory,
          minmay_temple_entry_enclosed_plants, serial_shops,
          nicolae_stop_n_shop_1, uniq_robin
D:5:      layout_loops_corners, lexackson_kobold_supper
D:6:      layout_gridville, fiery_altar_vehumet, nicolae_zig_zag_zippers,
          uniq_blork_the_orc
D:7:      minmay_blocky_corners, layout_gridville, eino_jars, uniq_duvessa,
          uniq_pikel
D:8:      layout_gridville, nicolae_ossuary_entry_plus
D:9:      layout_loops_ring, david_lair_generic, david_orc_3
D:10:     layout_basic, ebering_ghost_disaster_area, uniq_sonja
Temple:   hellmonk_temple_two_chambers
Abyss:1:  base:
D:2

Skill      XL: |  1  2  3  4  5  6  7  8  9 10 11 |
---------------+----------------------------------+-----
Short Blades   | 2 3 4 5 7 9 11 12 13 | 13.8
Armour         | 3 |  3.0
Dodging        | 1 2 3 |  3.0
Shields        | 3 4 5 |  5.0
Stealth        | 2 3 |  3.0
Evocations     | 3 4 5 |  5.0
Throwing       | 1 3 |  3.0
Fighting       | 4 5 |  5.5

Action                     |  1- 3 |  4- 6 |  7- 9 | 10-12 || total
---------------------------+-------+-------+-------+-------++-------
  Melee: Short sword       |    41 |       |   734 |   814 ||  1589
         Rapier            |   142 |   251 |   205 |       ||   598
         Tailslap          |       |    31 |   191 |   164 ||   386
         Unarmed           |       |       |     4 |       ||     4
  Throw: Stone             |       |     2 |    17 |    33 ||    52
         Dart              |       |       |     3 |     7 ||    10
         Throwing net      |       |       |     1 |     2 ||     3
  Evoke: Phantom mirror    |       |       |     1 |     1 ||     2
         Wand              |       |       |       |     7 ||     7
    Use: Potion            |       |     3 |     4 |     4 ||    11
         Scroll            |       |       |    12 |     7 ||    19
   Stab: Sleeping          |       |       |     3 |     4 ||     7
         Held in net/web   |       |       |     1 |       ||     1
         Distracted        |       |       |       |     1 ||     1
 Armour: Scale mail        |    20 |       |       |       ||    20
         Chain mail        |   106 |   192 |   230 |       ||   528
         Skin              |       |     1 |     3 |       ||     4
         Ring mail         |       |       |    70 |   193 ||   263
  Dodge: Dodged            |    71 |    81 |   154 |   109 ||   415
         Repelled          |       |       |     2 |     1 ||     3
  Block: Buckler           |    46 |    49 |   101 |   159 ||   355
         Reflection        |       |       |       |     6 ||     6

Table legend: (Time is in decaauts)
 A = Elapsed time spent in this place.
 B = Non-inter-level travel time spent in this place.
 C = Inter-level travel time spent in this place.
 D = Time resting spent in this place.
 E = Time spent auto-exploring this place.
 F = Levels seen in this place.
 G = Mean time per level.
                   A        B        C        D        E       F      G
               +--------+--------+--------+--------+--------+-----+--------+
         Total |  12472 |  10860 |   1612 |   1394 |   5943 |  14 |  890.9 |
       Dungeon |  11377 |   9765 |   1612 |    981 |   5845 |  10 | 1137.7 |
        Temple |      1 |      1 |      0 |      0 |      0 |   1 |    1.0 |
         Abyss |     50 |     50 |      0 |      2 |      5 |   1 |   50.0 |
         Sewer |    523 |    523 |      0 |    207 |     92 |   1 |  523.0 |
       Ossuary |    518 |    518 |      0 |    204 |      0 |   1 |  518.0 |
               +--------+--------+--------+--------+--------+-----+--------+

Top non-repeatable levels by time:
     D:3: 1538 daAuts
     D:5: 1421 daAuts
     D:7: 1396 daAuts
     D:4: 1306 daAuts
     D:6: 1259 daAuts
     D:1: 1178 daAuts
     D:8: 1127 daAuts
     D:9: 1077 daAuts
     D:2: 724 daAuts
   Sewer: 523 daAuts
 Ossuary: 518 daAuts
    D:10: 347 daAuts
 Abyss:1: 50 daAuts
  Temple: 1 daAuts
